 Dungeon Crawl Stone Soup version 0.17.0-28-g6e173f8 (webtiles) character file.

69 M4edhros the Insei (level 4, -3/31 HPs)
             Began as an Octopode Wanderer on Nov 26, 2015.
             Slain by a centaur skeleton (5 damage)
             ... while paralysed by Grinder
             ... on level 3 of the Dungeon.
             The game lasted 00:01:43 (1417 turns).

M4edhros the Insei (Octopode Wanderer)              Turns: 1417, Time: 00:01:44

Health: -3/31      AC:  1    Str: 12    XL:     4   Next: 20%
Magic:  0/4        EV: -3    Int: 12    God:
Gold:   77         SH:  0    Dex: 13    Spells: 0 memorised, 3 levels left

rFire  . . .     SeeInvis .     g - +2 whip (elec)
rCold  . . .     Clarity  .     (no shield)
rNeg   . . .     SustAt   +     (helmet restricted)
rPois  .         Gourm    .     l - amulet of guardian spirit
rElec  .         Spirit   +     n - ring of sustain attributes
rCorr  .         Warding  .     (no ring)
rMut   .         Stasis   .     (no ring)
MR     .....                    (no ring)
Stlth  ++++......               (no ring)
                                (no ring)
                                (no ring)
                                (no ring)

@: paralysed, not resistant to hostile enchantments, stealthy
A: almost no armour, amphibious, 8 rings, constrict 8, camouflage 1, gelatinous
body 1
a: no special abilities


You were on level 3 of the Dungeon.
You were hungry.

You visited 1 branch of the dungeon, and saw 3 of its levels.

You collected 77 gold pieces.

Inventory:

Hand Weapons
 c - a +0 short sword
 g - a +2 whip of electrocution (weapon)
Missiles
 f - 24 sling bullets
 m - 23 stones (quivered)
Jewellery
 l - an amulet of guardian spirit (around mantle)
 n - a ring of sustain attributes (left tentacle)
Scrolls
 b - a scroll of blinking
 d - a scroll of teleportation
 i - a scroll of identify {unknown}
Potions
 a - a potion of berserk rage
 h - a potion of curing {unknown}
 j - a potion of ambrosia {unknown}
 k - a potion of cancellation {unknown}
Comestibles
 e - a bread ration


   Skills:
 - Level 3.0 Fighting
 + Level 2.2 Maces & Flails
 - Level 1.0 Throwing
 - Level 1.0 Dodging
 + Level 4.0 Stealth
 - Level 4.0 Unarmed Combat
   Level 1.1 Evocations


You had 3 spell levels left.
You didn't know any spells.

Dungeon Overview and Level Annotations

Branches:
Dungeon (3/15)

Altars:

Annotations:
D:3 Grinder; M4edhros's ghost, weakling OpWn


Innate Abilities, Weirdness & Mutations

You cannot wear most types of armour.
You are amphibious.
You can wear up to eight rings at the same time.
You can use your tentacles to constrict eight enemies at once.
Your skin changes colour to match your surroundings (Stealth).
Your rubbery body absorbs attacks (AC +1).


Message History

The bat hits you. The giant gecko bites you.
The bat hits you but does no damage. The giant gecko bites you.
The centaur skeleton hits you but does no damage.
The orc completely misses you. The giant gecko bites you.
The bat hits you but does no damage. The bat hits you.
The centaur skeleton hits you! The orc hits you but does no damage.
The centaur skeleton hits you. The giant gecko bites you.
* * * LOW HITPOINT WARNING * * *
The orc hits you.
* * * LOW HITPOINT WARNING * * *
The orc hits you.
* * * LOW HITPOINT WARNING * * *
The bat hits you.
* * * LOW HITPOINT WARNING * * *
The orc hits you with a dagger.
* * * LOW HITPOINT WARNING * * *
The bat hits you.
* * * LOW HITPOINT WARNING * * *
The centaur skeleton hits you.
You die...

................
........$........
..................
...................
.....$.............
..................#.#
.W..........ob......#
...W......W5l@Z.....#
......#....ooo...#...
#....#......o.......
##........#.##.....#.
#..(........# .......
........o..## ...#...
................##..#
...........####.. .#
......>...##


You could see Grinder, M4edhros's ghost, 5 orcs, a giant gecko, a bat and a
centaur skeleton.

Vanquished Creatures
  3 adders (D:2)
  An ooze (D:1)
  3 worms (D:2)
  2 giant geckos (D:1)
  7 bats
  3 giant cockroaches
  A goblin (D:1)
  4 hobgoblins
  2 kobolds
  A ball python (D:1)
  3 giant newts
30 creatures vanquished.

Notes
Turn   | Place    | Note
--------------------------------------------------------------
     0 | D:1      | M4edhros the Octopode Wanderer began the quest for the Orb.
     0 | D:1      | M4edhros set off with: a potion of berserk rage, a scroll of blinking, a +0 short sword, a scroll of teleportation, a bread ration
     0 | D:1      | Reached XP level 1. HP: 16/16 MP: 1/1
    49 | D:1      | Reached skill level 1 in Stealth
    76 | D:1      | Reached XP level 2. HP: 3/21 MP: 2/2
   462 | D:1      | Reached skill level 1 in Maces & Flails
   708 | D:2      | Reached XP level 3. HP: 19/26 MP: 3/3
  1209 | D:2      | Reached XP level 4. HP: 15/31 MP: 4/4
  1406 | D:3      | Noticed Grinder
  1406 | D:3      | Noticed M4edhros's ghost (weakling OpWn)
  1413 | D:3      | Paralysed by Grinder for 6 turns
  1417 | D:3      | Slain by a centaur skeleton

Action                   |  1- 3 |  4- 6 || total
-------------------------+-------+-------++-------
Melee: Short sword       |    10 |       ||    10
       Whip              |    54 |     2 ||    56
 Stab: Sleeping          |     5 |     1 ||     6
  Eat: Chunk             |     1 |       ||     1
